 Dungeon Crawl Stone Soup version 0.30.0-19-g36f170ea60 (webtiles) character file.

Game seed: 7789903766894607440

1555 Josd the Trooper (level 8, -5/130 HPs)
             Began as an Ogre Berserker on May 31, 2023.
             Was a Priest of Trog.
             Killed from afar by a hell hog (8 damage)
             ... with a fireball
             ... on level 1 of the Abyss.
             The game lasted 00:18:54 (4708 turns).

Josd the Trooper (Ogre Berserker)                   Turns: 4708, Time: 00:18:55

Health: -5/130     AC:  9    Str: 24    XL:     8   Next: 88%
Magic:  8/8        EV:  9    Int:  8    God:    Trog [***...]
Gold:   278        SH:  0    Dex: 14    Spells: 7/7 levels left

rFire   + + +        l - +0 lajatang (elec)
rCold   x . .        (shield currently unavailable)
rNeg    . . .        A - +0 fire dragon scales
rPois   .            (helmet restricted)
rElec   .            (no cloak)
rCorr   .            (gloves unavailable)
SInv    .            (boots unavailable)
Will    .....        (no amulet) Stlth
                     h - +6 ring of dexterity
HPRegen 0.41/turn    v - ring of protection from fire
MPRegen 0.11/turn

%: no passive effects
@: berserking, about to teleport, very quick
A: large, unfitting armour, tough skin 1
a: Renounce Religion, Berserk, Trog's Hand


You were on level 1 of the Abyss.
You worshipped Trog.
Trog was most pleased with you.
You visited 1 branch of the dungeon, and saw 5 of its levels.
You visited the Abyss 1 time.

You collected 278 gold pieces.

Inventory:

Hand Weapons
 l - a +0 lajatang of electrocution (weapon)
 p - a +2 shortbow of flaming
 s - a +0 giant spiked club
Armour
 q - a +2 robe of resistance
 A - +0 fire dragon scales (worn)
Jewellery
 h - a +6 ring of dexterity (left hand)
 v - a ring of protection from fire (right hand)
Wands
 n - a wand of iceblast (14)
 r - a wand of flame (17)
 x - a wand of digging (2)
 z - a wand of polymorph (5)
Scrolls
 e - a scroll of fear
 i - a scroll of summoning
 j - a scroll of enchant weapon
 k - 5 scrolls of teleportation
 m - a scroll of fog
 o - a scroll of brand weapon {unknown}
 w - 2 scrolls of poison {unknown}
 y - a scroll of vulnerability {unknown}
 B - a scroll of amnesia {unknown}
 C - a scroll of magic mapping {unknown}
Potions
 b - 3 potions of resistance
 c - a potion of mutation {unknown}
 d - a potion of ambrosia {unknown}
 f - 2 potions of might
 g - 2 potions of invisibility {unknown}
 t - 2 potions of curing
 u - 3 potions of lignification {unknown}
 D - a potion of haste {unknown}


   Skills:
 + Level 7.4 Fighting
 + Level 5.1(6.6) Polearms
 + Level 6.4(7.2) Staves
 + Level 1.1 Armour
 + Level 4.6 Dodging
 + Level 2.7 Stealth


You had 7 spell levels left.
You didn't know any spells.
Your spell library was empty.

Dungeon Overview and Level Annotations

Branches:
Dungeon (5/15)
 Temple: D:4-7

Altars:
Makhleb

Portals:
Abyss: D:5

Annotations:
D:5 1 transporter


Innate Abilities, Weirdness & Mutations

You are too large for most types of armour.
You have tough skin. (AC +1)


Message History

The hell hog bites you! The hell hog bites you.
You hit the hell hog.
The hell hog is lightly wounded.
The hell hog breathes fire at you.
The fireball explodes!
The fireball engulfs you. You resist.
The fireball engulfs the hell hog.
The hell hog completely resists.
The fireball engulfs the hell hog.
The hell hog completely resists.
The hell hog bites you!
The hell hog bites you but does no damage.
The hell hog breathes fire at you.
The fireball explodes!
The fireball engulfs you. You resist.
The fireball engulfs the hell hog.
The hell hog completely resists.
The fireball engulfs the hell hog.
The hell hog completely resists.
The hell hog breathes fire at you.
The fireball explodes!
The fireball engulfs the hell hog.
The hell hog completely resists.
The fireball engulfs the hell hog.
The hell hog completely resists.
The fireball engulfs the hell hog.
The hell hog completely resists.
The fireball engulfs the hell hog.
The hell hog completely resists.
The fireball engulfs you. You resist.
As you read the scroll of teleportation, it crumbles to dust.
You feel strangely unstable.
You feel the power of the Abyss delaying your translocation!
The hell hog breathes fire at you.
The fireball explodes!
The fireball engulfs you. You resist.
* * * LOW HITPOINT WARNING * * *
The fireball engulfs the hell hog.
The hell hog completely resists.
The fireball engulfs the hell hog.
The hell hog completely resists.
The hell hog bites you!
* * * LOW HITPOINT WARNING * * *
A red film seems to cover your vision as you go berserk!
You feel yourself moving faster!
You feel mighty!
The hell hog bites you but does no damage.
The hell hog bites you!
* * * LOW HITPOINT WARNING * * *
You feel a strong urge to attack something.
The hell hog breathes fire at you.
The fireball explodes!
The fireball engulfs the hell hog.
The hell hog completely resists.
The fireball engulfs the hell hog.
The hell hog completely resists.
The fireball engulfs you! You resist.
You die...

# ############
#....(...h.h@.#
# .#......h####
._.......h.#
.#..(...#.. #
#..........#..#
#.. .......####
#............
.. ....... .
#....... ...##


You could see 3 hell hogs.

Vanquished Creatures
  A toenail golem (D:5)
  Grinder (D:4)
  A water moccasin (D:5)
  A black bear (D:3)
  An ogre (D:5)
  A centaur (D:3)
  3 small abominations (D:5)
  A phantom (D:3)
  The ghost of Josd the Covert, a weakling GnDe (D:5)
  A quasit (D:5)
  A jelly (D:4)
  A sleepcap (D:4)
  Jessica (D:3)
  An iguana (D:4)
  Ijyb (D:5)
  Terence (D:2)
  8 adders
  A river rat (D:3)
  An ufetubus (D:5)
  A worm (D:3)
  4 dart slugs
  2 orcs
  13 endoplasms
  5 giant cockroaches
  3 goblins
  8 hobgoblins
  6 jackals
  7 quokkas
  A ball python (D:4)
  3 bats
  5 frilled lizards
  2 kobolds
  7 rats
95 creatures vanquished.

Notes
Turn   | Place    | Note
-------+----------+-------------------------------------------
     0 | D:1      | Josd the Ogre Berserker began the quest for the Orb.
     0 | D:1      | Reached XP level 1. HP: 24/24 MP: 1/1
   115 | D:1      | Reached XP level 2. HP: 20/32 MP: 2/2
   574 | D:1      | Reached XP level 3. HP: 40/40 MP: 3/3
   878 | D:2      | Reached ** piety under Trog
   974 | D:3      | Noticed a phantom
  1004 | D:3      | Killed a phantom
  1005 | D:3      | Reached skill level 5 in Fighting
  1005 | D:3      | Reached XP level 4. HP: 14/50 MP: 4/4
  1005 | D:3      | Reached XP level 5. HP: 16/57 MP: 5/5
  1438 | D:3      | Noticed a centaur
  1446 | D:3      | Killed a centaur
  1535 | D:3      | Noticed Jessica
  1539 | D:3      | Killed Jessica
  1540 | D:3      | Reached skill level 5 in Polearms
  1540 | D:3      | Reached XP level 6. HP: 60/66 MP: 6/6
  1698 | D:3      | Reached skill level 1 in Staves
  2723 | D:2      | Reached skill level 1 in Stealth
  2815 | D:2      | Noticed Terence
  2823 | D:2      | Killed Terence
  3107 | D:4      | Noticed a black bear
  3127 | D:3      | Killed a black bear
  3290 | D:4      | Noticed Grinder
  3297 | D:4      | Killed Grinder
  3298 | D:4      | Reached skill level 6 in Fighting
  3298 | D:4      | Reached XP level 7. HP: 44/75 MP: 7/7
  3422 | D:5      | Entered Level 5 of the Dungeon
  3591 | D:4      | Reached *** piety under Trog
  3677 | D:4      | Found a burning altar of Makhleb.
  3889 | D:5      | Noticed Ijyb
  3895 | D:5      | Killed Ijyb
  3980 | D:5      | Reached XP level 8. HP: 83/84 MP: 8/8
  3992 | D:5      | Found a transporter.
  4007 | D:5      | Found a one-way gate to the infinite horrors of the Abyss.
  4007 | D:5      | Noticed Josd's ghost (weakling GnDe)
  4132 | D:5      | Noticed a toenail golem
  4159 | D:5      | Found a transporter.
  4269 | D:5      | Reached skill level 5 in Staves
  4300 | D:5      | Killed a toenail golem
  4301 | D:5      | Reached skill level 7 in Fighting
  4369 | D:5      | Killed Josd's ghost
  4381 | D:5      | Reached skill level 1 in Armour
  4664 | D:5      | Voluntarily entered the Abyss.
  4679 | Abyss:1  | Found a corrupted altar of Lugonu.
  4700 | Abyss:1  | Noticed a hell hog
  4700 | Abyss:1  | Noticed a hell hog
  4700 | Abyss:1  | Noticed a hell hog
  4700 | Abyss:1  | Noticed a hell hog
  4707 | Abyss:1  | HP: 2/130 [hell hog (9)]
  4708 | Abyss:1  | Killed from afar by a hell hog

Illustrated notes

Levels and vault maps discovered:
D:1:      lemuel_arrival_lava_pool, layout_loops_ring, hangedman_feature_mirror,
          hangedman_decor_push
D:2:      layout_basic, uniq_terence
D:3:      layout_basic, gup_sewer_entry_bubbles, uniq_jessica
D:4:      layout_cave_pools, mainiacjoe_overflow_six_doors_small,
          kennysheep_small_square, uniq_grinder
D:5:      layout_loops_cross, gammafunk_ghost_abyssal_escape,
          serial_bayou_pond_b, grunt_decor_mini_mirrors, uniq_ijyb
Abyss:1:  base:
D:2

Skill      XL: |  1  2  3  4  5  6  7  8 |
---------------+-------------------------+-----
Dodging        | 3 4 |  4.6
Fighting       | 5 6 7 |  7.4
Polearms       | 4 5 |  5.1
Staves         | 3 4 6 |  6.4
Stealth        | 1 2 |  2.7
Armour         | 1 |  1.1

Action                     |  1- 3 |  4- 6 |  7- 9 || total
---------------------------+-------+-------+-------++-------
  Melee: Spear             |   122 |       |       ||   122
         Lajatang          |       |   130 |    77 ||   207
  Throw: Dart              |       |       |     2 ||     2
 Invoke: Berserk           |       |       |     1 ||     1
    Use: Scroll            |       |     5 |     4 ||     9
   Stab: Sleeping          |     1 |     2 |     2 ||     5
 Armour: Animal skin       |    13 |    40 |       ||    53
         Robe              |       |    12 |     9 ||    21
         Fire dragon scale |       |       |    22 ||    22
  Dodge: Dodged            |    36 |    87 |    41 ||   164
